 Dungeon Crawl Stone Soup version 0.28.0 (webtiles) character file.

Game seed: 15671357077473660728

338 Ablot the Grasshopper (level 6, -2/76 HPs)
             Began as a Gnoll Warper on Feb 18, 2022.
             Was an Initiate of Okawaru.
             Slain by Grinder (6 damage)
             ... on level 5 of the Dungeon.
             The game lasted 00:07:15 (5804 turns).

Ablot the Grasshopper (Gnoll Warper)                Turns: 5804, Time: 00:07:16

Health: -2/76      AC: 23    Str: 18    XL:     6   Next: 55%
Magic:  14/14      EV:  2    Int: 13    God:    Okawaru [......]
Gold:   127        SH:  0    Dex: 11    Spells: 13/15 levels left

rFire   . . .      SeeInvis .   w - +6 dagger of Jutecvum {freeze, rElec rPois}
rCold   . . .      Faith    .   (no shield)
rNeg    . . .      Spirit   .   (armour currently unavailable)
rPois   +          Reflect  .   (helmet currently unavailable)
rElec   +          Harm     .   (cloak currently unavailable)
rCorr   .          Rampage  .   (gloves currently unavailable)
Will    .....      NoTele   +   (boots currently unavailable)
Stlth   ++........              (no amulet)
HPRegen 0.22/turn               v - +6 ring of strength
MPRegen 0.14/turn               (no ring)

@: tree-form
A: stationary, stasis, torment immunity, boosted hp, (fangs 1), strong nose,
distributed training
a: Renounce Religion


You were on level 5 of the Dungeon.
You worshipped Okawaru.
Okawaru was noncommittal.
You were a tree.
You visited 2 branches of the dungeon, and saw 6 of its levels.

You collected 127 gold pieces.

Inventory:

Hand Weapons
 a - a +0 spear
 w - the +6 dagger of Jutecvum (weapon) {freeze, rElec rPois}
   (You found it on level 4 of the Dungeon)

   It freezes those it strikes, dealing additional cold damage.
   It can also slow down cold-blooded creatures.
   rElec:     It insulates you from electricity.
   rPois:     It protects you from poison.
Missiles
 d - 5 boomerangs of dispersal (quivered)
 l - 133 stones
 o - 15 sling bullets
 u - 48 arrows
Armour
 b - a +0 leather armour (melded)
 r - a +0 cloak (melded)
Magical Staves
 y - a staff of earth
Jewellery
 v - a +6 ring of strength (left branch)
 A - an amulet of guardian spirit
Wands
 x - a wand of polymorph (10)
 z - a wand of iceblast (13)
Scrolls
 c - a scroll of blinking
 f - a scroll of holy word {unknown}
 h - 4 scrolls of identify {unknown}
 j - 2 scrolls of teleportation {unknown}
 k - a scroll of immolation {unknown}
 m - a scroll of noise {unknown}
 n - 2 scrolls of amnesia {unknown}
 p - a scroll of magic mapping {unknown}
 t - a scroll of enchant armour {unknown}
Potions
 e - 3 potions of flight {unknown}
 g - 3 potions of lignification
 i - a potion of mutation {unknown}
 q - 2 potions of magic {unknown}
 s - 2 potions of curing {unknown}


   Skills:
 + Level 5.0 Fighting
 + Level 2.0 Short Blades
 + Level 2.0 Long Blades
 + Level 2.0 Axes
 + Level 2.0 Maces & Flails
 + Level 5.0 Polearms
 + Level 2.0 Staves
 + Level 2.0 Slings
 + Level 2.0 Bows
 + Level 2.0 Crossbows
 + Level 3.3 Throwing
 + Level 3.3 Armour
 + Level 5.0 Dodging
 + Level 2.0 Stealth
 + Level 2.0 Shields
 + Level 2.0 Unarmed Combat
 + Level 5.4 Spellcasting
 + Level 1.6 Conjurations
 + Level 1.6 Hexes
 + Level 1.6 Summonings
 + Level 1.6 Necromancy
 + Level 5.7 Translocations
 + Level 1.6 Transmutations
 + Level 1.6 Fire Magic
 + Level 1.6 Ice Magic
 + Level 1.6 Air Magic
 + Level 1.6 Earth Magic
 + Level 1.6 Poison Magic
 + Level 2.2 Invocations
 + Level 2.0 Evocations


You had 13 spell levels left.
You knew the following spells:

 Your Spells              Type           Power      Damage    Failure   Level
a - Blink                 Tloc           36%        N/A       2%          2

Your spell library contained the following spells:

 Spells                   Type           Power      Damage    Failure   Level
 Gell's Gravitas          Tloc           18%        N/A       5%          3
 Lesser Beckoning         Tloc           18%        N/A       5%          3
 Teleport Other           Tloc           18%        N/A       5%          3
 Slow                     Hex            28%        N/A       10%         1
 Scorch                   Fire           14%        2d5       14%         2
 Static Discharge         Conj/Air       7%         N/A       14%         2
 Sublimation of Blood     Necr           7%         N/A       14%         2
 Wereblood                Tmut           7%         N/A       14%         2
 Confusing Touch          Hex            7%         N/A       28%         3
 Inner Flame              Hex/Fire       7%         N/A       28%         3
 Vampiric Draining        Necr           7%         2d6       28%         3
 Manifold Assault         Tloc           18%        N/A       43%         5
 Cause Fear               Hex            3%         N/A       67%         4
 Flame Wave               Conj/Fire      7%         2d5       67%         4
 Lightning Bolt           Conj/Air       3%         1d15      95%         5
 Discord                  Hex            3%         N/A       100%        8
 Maxwell's Capacitive Co  Air            3%         ∞         100%        8
 Summon Cactus Giant      Summ           Unusable   N/A       N/A         6
 Summon Hydra             Summ           Unusable   N/A       N/A         7

Dungeon Overview and Level Annotations

Branches:
Dungeon (5/15)             Temple (1/1) D:4

Altars:
Ashenzari
Dithmenos
Elyvilon
Fedhas
Gozag
Hepliaklqana
Kikubaaqudgha
Makhleb
Nemelex Xobeh
Okawaru
Qazlal
Ru
Sif Muna
Trog
Uskayaw
Vehumet
Wu Jian
Xom
Yredelemnul
Zin
The Shining One

Annotations:
D:5 Grinder


Innate Abilities, Weirdness & Mutations

You are a tree.
Your roots penetrate the ground, keeping you stationary.
You cannot be teleported.
You are immune to unholy pain and torment.
Your maximum health is greatly increased.
Your equipment is partially melded.
((You have very sharp teeth.))
Your uncanny sense of smell can sniff out nearby items.
Your experience applies equally to all skills.


Message History

* * * LOW HITPOINT WARNING * * *
You writhe in agony.
* * * LOW HITPOINT WARNING * * *
You can move again.
Unknown command.
You barely miss Grinder. You bite Grinder, but do no damage.
Grinder is moderately wounded.
Grinder blinks!
Grinder says, "Just stop there for a second..."
You see here a smoky silvery potion.
You hit Grinder.
Grinder is moderately wounded.
Grinder hits you!
* * * LOW HITPOINT WARNING * * *
Unknown command.
It was a potion of lignification.
You turn into a tree.
Your +0 cloak melds into your body.
Your +0 leather armour melds into your body.
Your roots penetrate the ground.
Grinder hits you but does no damage.
Unknown command.
Okay, then.
You barely miss Grinder.
Grinder is moderately wounded.
Grinder hits you but does no damage.
Unknown command.
You hit Grinder.
Grinder is heavily wounded.
Grinder hits you but does no damage.
Unknown command.
You hit Grinder.
Grinder is heavily wounded.
Grinder blinks!
Unknown command.
You hit Grinder.
Grinder is severely wounded.
Unknown command.
You barely miss Grinder.
Grinder is severely wounded.
Grinder hits you.
You die...

∆∆∆ ∆ ∆
######
#....#
#...########
#..5........
#..♣########
+.§...#
#...#.#
+..<#.#
#...+ #
#...# #####


You could see Grinder.

Vanquished Creatures
  A bullfrog zombie (D:5)
  2 orc priests
  Natasha (thrice) (D:2)
  An orc wizard (D:4)
  6 adders
  A worm (D:2)
  4 dart slugs
  7 orcs
  8 bats
  3 endoplasms
  4 giant cockroaches
  6 goblins
  5 hobgoblins
  2 jackals (D:3)
  12 kobolds
  4 quokkas
  5 ball pythons
  2 frilled lizards
  3 rats
79 creatures vanquished.

Notes
Turn   | Place    | Note
-------+----------+-------------------------------------------
     0 | D:1      | Ablot the Gnoll Warper began the quest for the Orb.
     0 | D:1      | Reached XP level 1. HP: 20/20 MP: 6/6
   651 | D:1      | You fall into a shaft and drop 1 floor!
   657 | D:2      | Reached XP level 2. HP: 26/26 MP: 7/7
  1110 | D:1      | Learned a level 2 spell: Blink
  1457 | D:2      | Found the dreamshard necklace {*Dream Drain}
  1457 | D:2      | Found a shimmering blue altar of Sif Muna.
  1525 | D:2      | HP: 1/26 [adder (2)]
  1526 | D:2      | Reached XP level 3. HP: 1/31 MP: 9/9
  1537 | D:2      | HP: 1/31 [adder (1)]
  1556 | D:1      | Reached skill level 5 in Spellcasting
  1720 | D:2      | Noticed Natasha
  1740 | D:2      | HP: 1/31 [Natasha/magic dart (6)]
  1743 | D:2      | Killed Natasha
  1744 | D:2      | Reached skill level 1 in Short Blades
  1744 | D:2      | Reached skill level 1 in Long Blades
  1744 | D:2      | Reached skill level 1 in Axes
  1744 | D:2      | Reached skill level 1 in Maces & Flails
  1744 | D:2      | Reached skill level 1 in Staves
  1744 | D:2      | Reached skill level 1 in Slings
  1744 | D:2      | Reached skill level 1 in Bows
  1744 | D:2      | Reached skill level 1 in Crossbows
  1744 | D:2      | Reached skill level 1 in Stealth
  1744 | D:2      | Reached skill level 1 in Shields
  1744 | D:2      | Reached skill level 1 in Unarmed Combat
  1744 | D:2      | Reached skill level 1 in Invocations
  1744 | D:2      | Reached skill level 1 in Evocations
  1744 | D:2      | Reached XP level 4. HP: 2/38 MP: 11/11
  2051 | D:2      | Noticed Natasha
  2068 | D:2      | Killed Natasha
  2238 | D:2      | Reached skill level 1 in Conjurations
  2238 | D:2      | Reached skill level 1 in Hexes
  2238 | D:2      | Reached skill level 1 in Summonings
  2238 | D:2      | Reached skill level 1 in Necromancy
  2238 | D:2      | Reached skill level 1 in Transmutations
  2238 | D:2      | Reached skill level 1 in Fire Magic
  2238 | D:2      | Reached skill level 1 in Ice Magic
  2238 | D:2      | Reached skill level 1 in Air Magic
  2238 | D:2      | Reached skill level 1 in Earth Magic
  2238 | D:2      | Reached skill level 1 in Poison Magic
  2359 | D:2      | Noticed Natasha
  2368 | D:2      | Killed Natasha
  2369 | D:2      | Reached XP level 5. HP: 17/43 MP: 12/12
  3699 | D:3      | Reached XP level 6. HP: 16/50 MP: 13/13
  4252 | D:4      | Found a staircase to the Ecumenical Temple.
  4262 | Temple   | Entered the Ecumenical Temple
  4825 | Temple   | Became a worshipper of Warmaster Okawaru
  4887 | D:4      | Identified the +6 dagger of Jutecvum {freeze, rElec rPois}
  5294 | D:4      | Reached skill level 5 in Fighting
  5294 | D:4      | Reached skill level 5 in Polearms
  5294 | D:4      | Reached skill level 5 in Dodging
  5754 | D:5      | Entered Level 5 of the Dungeon
  5778 | D:5      | Noticed Grinder
  5792 | D:5      | Paralysed by Grinder for 3 turns
  5798 | D:5      | HP: 2/51 [Grinder (8)]
  5804 | D:5      | Slain by Grinder

Illustrated notes

Levels and vault maps discovered:
D:1:      shiori_arrival_oz, layout_basic
D:2:      layout_basic, basic_altar, minmay_tromino_v4_b, uniq_natasha
D:3:      layout_rooms
D:4:      layout_gridville, minmay_temple_entry_statues_pillars
D:5:      layout_basic, mainiacjoe_overflow_concentric_impassable, uniq_grinder,
          uniq_edmund, uniq_crazy_yiuf_cottage
Temple:   mainiacjoe_temple_starburst

Skill      XL: |  1  2  3  4  5  6 |
---------------+-------------------+-----
Spellcasting   | 5 |  5.4
Short Blades   | 1 2 |  2.0
Long Blades    | 1 2 |  2.0
Axes           | 1 2 |  2.0
Maces & Flails | 1 2 |  2.0
Staves         | 1 2 |  2.0
Slings         | 1 2 |  2.0
Bows           | 1 2 |  2.0
Crossbows      | 1 2 |  2.0
Stealth        | 1 2 |  2.0
Shields        | 1 2 |  2.0
Unarmed Combat | 1 2 |  2.0
Invocations    | 1 2 |  2.2
Evocations     | 1 2 |  2.0
Conjurations   | 1 |  1.6
Hexes          | 1 |  1.6
Summonings     | 1 |  1.6
Necromancy     | 1 |  1.6
Transmutations | 1 |  1.6
Fire Magic     | 1 |  1.6
Ice Magic      | 1 |  1.6
Air Magic      | 1 |  1.6
Earth Magic    | 1 |  1.6
Poison Magic   | 1 |  1.6
Throwing       | 3 |  3.3
Armour         | 3 |  3.3
Fighting       | 5 |  5.0
Polearms       | 5 |  5.0
Dodging        | 5 |  5.0
Translocations | |  5.7

Action                   |  1- 3 |  4- 6 || total
-------------------------+-------+-------++-------
Melee: Spear             |   123 |   223 ||   346
       Bite              |    14 |    20 ||    34
       Punch             |     1 |     5 ||     6
       Dagger            |       |    57 ||    57
  Use: Potion            |       |     1 ||     1
 Stab: Sleeping          |       |     5 ||     5
       Distracted        |       |     1 ||     1
Armor: Leather armour    |    30 |    53 ||    83
       Skin              |       |     3 ||     3
Dodge: Dodged            |    72 |   140 ||   212
